 Dungeon Crawl Stone Soup version 0.26.1-2-gb8aa6d0cf2 (webtiles) character file.

Game seed: 4580631024434946794

70001 DearestLeader the Earth Mage (level 15, 0/92 HPs)
             Began as a Gargoyle Earth Elementalist on Feb 15, 2021.
             Was a High Priest of Vehumet.
             Slain by an orc knight
             ... wielding a cursed -2 war axe
              (7 damage)
             ... on level 2 of the Orcish Mines on Feb 16, 2021.
             The game lasted 01:24:54 (32666 turns).

DearestLeader the Earth Mage (GrEE)                Turns: 32666, Time: 01:24:54

Health: 0/92       AC: 22    Str: 11    XL:     15   Next: 31%
Magic:  1/29       EV: 12    Int: 23    God:    Vehumet [*****.]
Gold:   2491       SH:  4    Dex: 10    Spells: 6/34 levels left

rFire    + . .     SeeInvis +   O - +7 short sword of the Vestibule of Hell {pain, SInv}
rCold    + . .     Faith    .   T - +0 buckler
rNeg     + + .     Spirit   .   J - +1 ring mail {rC+}
rPois    ∞         Reflect  .   t - +0 helmet
rElec    +         Harm     .   p - +0 cloak
rCorr    .         Rampage  .   I - +0 pair of gloves
Will     +....                  (no boots)
Stlth    +.........             Y - amulet of magic regeneration
HPRegen  0.25/turn              E - ring of positive energy
MPRegen  0.46/turn              y - ring of protection from fire

@: flying
A: big wings, negative energy resistance 1, electricity resistance, unbreathing,
petrification resistance, miasma immunity, AC +11
a: Stop Flying, Renounce Religion


You were on level 2 of the Orcish Mines.
You worshipped Vehumet.
Vehumet was extremely pleased with you.
You visited 3 branches of the dungeon, and saw 20 of its levels.
You also visited: Volcano.

You collected 2491 gold pieces.

Inventory:

Hand Weapons
 O - the +7 short sword of the Vestibule of Hell (weapon) {pain, SInv}
   (You took it off a big kobold on level 6 of the Dungeon)

   In the hands of one skilled in necromantic magic, it inflicts extra damage on
   living creatures.
   It lets you see invisible.
Missiles
 b - 344 stones
Armour
 o - a +2 robe of willpower
 p - a +0 cloak (worn)
 t - a +0 helmet (worn)
 I - a +0 pair of gloves (worn)
 J - a +1 ring mail of cold resistance (worn)
 S - a +2 leather armour of fire resistance
 T - a +0 buckler (worn)
Jewellery
 r - an uncursed ring of resist corrosion
 u - a +6 ring of intelligence
 y - a ring of protection from fire (right hand)
 E - a ring of positive energy (left hand)
 M - an uncursed ring of wizardry
 Q - an uncursed ring of wizardry
 Y - an amulet of magic regeneration (around neck)
Wands
 l - a wand of iceblast (6)
 D - a wand of random effects (54)
 G - a wand of digging (10)
 H - a wand of flame (28)
 P - a wand of disintegration (40)
 R - a wand of acid (9)
 U - a wand of paralysis (12)
 W - a wand of polymorph (11)
Scrolls
 a - 3 scrolls of amnesia
 d - 13 scrolls of remove curse
 e - 9 scrolls of enchant armour
 h - 2 scrolls of fog
 i - 2 scrolls of identify
 m - 10 scrolls of teleportation
 q - 3 scrolls of fear
 s - 4 scrolls of magic mapping
 x - 4 scrolls of blinking
 A - a scroll of silence
 B - 2 scrolls of immolation
 C - a scroll of brand weapon
 L - 4 scrolls of summoning
 V - a scroll of vulnerability {unknown}
 X - a scroll of noise {unknown}
Potions
 c - 2 potions of heal wounds {unknown}
 f - 4 potions of mutation
 g - 8 potions of curing
 j - 4 potions of berserk rage
 k - 5 potions of cancellation
 n - 2 potions of brilliance {unknown}
 v - 7 potions of might
 w - 5 potions of haste
 z - 4 potions of magic
 F - a potion of ambrosia {unknown}
 K - a potion of attraction {unknown}
 Z - a potion of resistance {unknown}


   Skills:
 - Level 10.1 Fighting
 - Level 6.0 Armour
 + Level 5.6 Dodging
 - Level 2.1 Stealth
 - Level 4.0 Shields
 + Level 10.0 Spellcasting
 + Level 15.1 Conjurations
 - Level 2.0 Hexes
 - Level 3.0 Transmutations
 * Level 16.9 Earth Magic


You had 6 spell levels left.
You knew the following spells:

 Your Spells              Type           Power        Failure   Level
a - Sandblast             Erth           100%         0%          1
b - Passwall              Tmut/Erth      45%          1%          2
c - Lee's Rapid Deconstr  Erth           36%          1%          5
d - Stone Arrow           Conj/Erth      100%         1%          3
e - Petrify               Tmut/Erth      55%          1%          4
f - Mephitic Cloud        Conj/Pois/Air  34%          1%          3
g - Iron Shot             Conj/Erth      35%          1%          6
h - Leda's Liquefaction   Hex/Erth       26%          2%          4

Your spell library contained the following spells:

 Spells                   Type           Power        Failure   Level
 Orb of Destruction       Conj           34%          5%          7
 Magic Dart               Conj           100%         1%          1
 Shock                    Conj/Air       100%         1%          1
 Conjure Flame            Conj/Fire      46%          1%          3
 Dazzling Flash           Conj/Hex       100%         1%          3
 Static Discharge         Conj/Air       46%          1%          3
 Bolt of Magma            Conj/Fire/Erth 28%          1%          5
 Lightning Bolt           Conj/Air       23%          4%          5
 Corona                   Hex            22%          5%          1
 Slow                     Hex            20%          8%          2
 Ensorcelled Hibernation  Hex/Ice        32%          12%         2
 Confusing Touch          Hex            20%          16%         3
 Tukima's Dance           Hex            20%          16%         3
 Blink                    Tloc           N/A          19%         2
 Call Imp                 Summ           11%          19%         2
 Swiftness                Air            11%          19%         2
 Airstrike                Air            5%           28%         4
 Shatter                  Erth           36%          94%         9
 Statue Form              Tmut/Erth      Unusable     N/A         6

Dungeon Overview and Level Annotations

Branches:
Dungeon (12/15)            Temple (0/1) D:6            Lair (6/6) D:10
 Shoals (0/4) Lair:2       Spider (0/4) Lair:3        Slime (0/5) Lair:5
    Orc (2/2) D:12            Elf (0/3) Orc:2       Volcano (visited)

Altars:
Ashenzari
Dithmenos
Fedhas
Hepliaklqana
Nemelex Xobeh
Okawaru
Sif Muna
Trog
Vehumet
Xom
Beogh

Shops:
Orc:2 **

Portals:
Trove: D:12 (give +2 fire dragon scales)


Innate Abilities, Weirdness & Mutations

You are resistant to torment.
Your stone body is resilient. (AC +11)
You are immune to poison.
Your large and strong wings let you fly indefinitely.
You resist negative energy. (rN+)
You are resistant to electric shocks. (rElec)
You can survive without breathing.
You are immune to petrification.
You are immune to miasma.


Message History

Aim: an orc knight, wielding a -2 war axe and wearing a +0 plate armour (26% to evade)
The iron shot hits the rust devil!!
You kill the rust devil!
Vehumet accepts your kill.
Casting: Iron Shot (dangerous; 1% risk of failure)
Confirm with . or Enter, or press ? or * to list all spells.
Aiming: Iron Shot (dangerous; 1% risk of failure)
Press: ? - help, Shift-Dir - straight line, f/p - orc knight
Aim: an orc knight, wielding a -2 war axe and wearing a +0 plate armour (26% to evade)
The iron shot hits the orc knight!!!
The orc knight is heavily wounded.
Casting: Iron Shot (dangerous; 1% risk of failure)
Confirm with . or Enter, or press ? or * to list all spells.
Aiming: Iron Shot (dangerous; 1% risk of failure)
Press: ? - help, Shift-Dir - straight line, f/p - orc knight
Aim: an orc knight, wielding a -2 war axe and wearing a +0 plate armour (heavily wounded, 26% to evade)
The iron shot hits the orc knight!!
The orc knight is almost dead.
The orc knight hits you with a cursed -2 war axe!
You die...

.###[.####....#............#
###.[###..#...##........#.## ###
##.[###....................####.#
#..###...o................#.#....
..## #.$...##o....).............#
.## ##.#..#3#..........#..#.#....
.####...........#..)............#
....#.....#...##..(.....#.#.##..#
...###...###..3o@.).(....#####...
#.## #...# ##.##...(.(...# ##.#
### #...# ####..(......# ### #
##.## #...((....# ## ##
##........# .# #.).)...## .#####.
##.#...#.## #.#.#........
##†........##
.............###...........##


You could see an orc knight, a smoke demon (summoned) and an orc priest
(strong).

Vanquished Creatures
  Kirke (Lair:4)
  A stone giant (Volcano)
  6 dire elephants
  An ettin (Orc:1)
  A boulder beetle (Lair:6)
  8 hydras
  An anaconda (Lair:6)
  A dancing weapon (D:10)
  2 two-headed ogres
  The ghost of DasRunzen the Conjurer, a novice DgCj (D:10)
  An orc high priest (Orc:2)
  3 death yaks
  Nergalle (Lair:3)
  An unseen horror (D:11)
  An obsidian statue (Volcano)
  2 orc knights (Orc:2)
  A lindwurm (Lair:5)
  A wolf spider (Lair:6)
  A cyclops (D:11)
  An ugly thing (D:11)
  An orc sorcerer (Orc:2)
  The ghost of stripedtigrrr the Covert, a novice OpDe of Dithmenos (D:6)
  A deep elf mage (D:11)
  3 oklob plants (Lair:2)
  A manticore (Lair:2)
  9 elephants
  4 black mambas
  2 torpor snails
  A rust devil (Orc:2)
  A smoke demon (Orc:2)
  An orange demon (Orc:2)
  9 cane toads
  7 gargoyles
  A rime drake (Lair:5)
  11 komodo dragons
  A kobold demonologist (D:6)
  2 ice devils
  An efreet (Volcano)
  4 trolls
  A polar bear (shapeshifter) (D:7)
  2 polar bears
  3 meliai (D:12)
  7 dream sheep (Lair:5)
  A wind drake (Lair:2)
  7 blink frogs
  2 shadows (D:9)
  3 hogs (Lair:3)
  A wraith (D:12)
  7 fire bats (Volcano)
  47 yaks
  3 basilisks
  A fire elemental (Volcano)
  9 wargs
  Menkaure (D:6)
  2 soldier ants (D:12)
  20 water moccasins
  2 ice beasts (D:6)
  A sky beast (D:5)
  3 black bears
  27 orc warriors
  3 phantoms
  3 centaurs
  11 ogres
  14 wolves
  10 big kobolds
  12 bullfrogs
  An earth elemental (Volcano)
  A gnoll sergeant (D:8)
  A water moccasin skeleton (D:4)
  2 scorpions
  14 killer bees
  13 wights
  2 electric eels
  3 howler monkeys (D:6)
  6 lava snakes (Volcano)
  A quasit (D:8)
  4 bullfrog zombies
  A centaur skeleton (D:10)
  A hound (D:6)
  A jelly (D:9)
  Crazy Yiuf (D:2)
  13 orc wizards
  28 orc priests
  5 bullfrog skeletons
  Jessica (D:2)
  3 iguanas
  4 hell rats
  7 worker ants
  2 hound zombies
  2 hound skeletons
  3 worker ant zombies
  Robin (D:4)
  8 gnolls
  18 adders
  A howler monkey skeleton (D:10)
  A shadow imp (D:9)
  A white imp (D:6)
  3 ufetubi
  3 oozes
  4 worms
  2 dart slugs
  9 leopard geckos
  82 orcs
  2 ball pythons
  4 giant cockroaches
  12 hobgoblins
  11 jackals
  19 kobolds
  4 quokkas
  11 bats
  6 frilled lizards
  13 goblins
  A jackal zombie (D:7)
  2 leopard gecko skeletons
  A quokka zombie (D:9)
  9 rats
648 creatures vanquished.

Vanquished Creatures (others)
  72 fungi
  93 plants
165 creatures vanquished.

Grand Total: 813 creatures vanquished

Notes
Turn   | Place    | Note
-------+----------+-------------------------------------------
     0 | D:1      | DearestLeader the Gargoyle Earth Elementalist began the
                  | quest for the Orb.
     0 | D:1      | Reached XP level 1. HP: 10/10 MP: 3/3
   241 | D:1      | Reached skill level 4 in Earth Magic
   372 | D:1      | Reached XP level 2. HP: 15/15 MP: 5/5
   391 | D:1      | Learned a level 2 spell: Passwall
   939 | D:1      | Reached XP level 3. HP: 19/19 MP: 6/6
   960 | D:1      | Reached skill level 5 in Earth Magic
  1450 | D:2      | Reached XP level 4. HP: 16/24 MP: 3/7
  1474 | D:2      | Noticed an ogre
  1478 | D:2      | Killed an ogre
  1479 | D:2      | Reached skill level 7 in Earth Magic
  1479 | D:2      | Reached XP level 5. HP: 22/28 MP: 4/8
  2220 | D:2      | Found a faded altar of an unknown god.
  2274 | D:2      | Found a runed translucent door.
  2275 | D:2      | Noticed Crazy Yiuf
  2308 | D:2      | Noticed Jessica
  2313 | D:2      | Killed Jessica
  2421 | D:2      | Killed Crazy Yiuf
  2422 | D:2      | Reached XP level 6. HP: 19/32 MP: 2/9
  2623 | D:3      | Reached skill level 8 in Earth Magic
  3115 | D:3      | Found a bloodstained altar of Trog.
  3224 | D:3      | Found a broken altar of Ashenzari.
  3224 | D:3      | Found a radiant altar of Vehumet.
  3234 | D:3      | Became a worshipper of Vehumet
  3661 | D:4      | Noticed Robin
  3665 | D:4      | Killed Robin
  3799 | D:4      | Reached skill level 9 in Earth Magic
  3811 | D:4      | Learned a level 5 spell: Lee's Rapid Deconstruction
  3857 | D:4      | Found a sparkling altar of Nemelex Xobeh.
  4427 | D:4      | Reached XP level 7. HP: 36/36 MP: 10/10
  4684 | D:4      | Reached * piety under Vehumet
  4684 | D:4      | Offered knowledge of Freeze by Vehumet.
  4834 | D:5      | Entered Level 5 of the Dungeon
  5283 | D:5      | Found a blossoming altar of Fedhas.
  5289 | D:5      | Found a shadowy altar of Dithmenos.
  5294 | D:5      | Found a hazy altar of Hepliaklqana.
  5944 | D:5      | Learned a level 3 spell: Stone Arrow
  6060 | D:6      | Reached skill level 10 in Earth Magic
  6068 | D:6      | Reached skill level 1 in Fighting
  6088 | D:5      | Reached XP level 8. HP: 19/43 MP: 0/12
  6339 | D:6      | Noticed Menkaure
  6343 | D:6      | Killed Menkaure
  6703 | D:6      | Reached skill level 11 in Earth Magic
  6769 | D:6      | Found a staircase to the Ecumenical Temple.
  6799 | D:6      | Reached ** piety under Vehumet
  6799 | D:6      | Offered knowledge of Foxfire by Vehumet.
  6802 | D:6      | Reached XP level 9. HP: 52/52 MP: 9/15
  6927 | D:6      | Found a runed translucent gate.
  6928 | D:6      | Found a runed translucent gate.
  6929 | D:6      | Found a runed translucent gate.
  6930 | D:6      | Noticed a kobold demonologist
  6930 | D:6      | Noticed stripedtigrrr's ghost (novice OpDe)
  6931 | D:6      | Identified the +7 short sword of the Vestibule of Hell
                  | {pain, SInv}
  7206 | D:6      | Got a pitted turquoise ring
  7208 | D:6      | Identified the ring of Awe {+Fly rPois Dex+2} (You found it
                  | on level 6 of the Dungeon)
  7835 | D:7      | Reached skill level 12 in Earth Magic
  7840 | D:7      | Reached skill level 5 in Spellcasting
  8010 | D:7      | Reached skill level 1 in Conjurations
  8285 | D:7      | Noticed a glowing shapeshifter
  8285 | D:7      | a centaur changed into a glowing shapeshifter
  8285 | D:7      | Noticed a glowing orange brain
  8285 | D:7      | a glowing shapeshifter changed into a glowing orange brain
  8287 | D:7      | Noticed a manticore
  8287 | D:7      | a glowing orange brain changed into a manticore
  8303 | D:7      | Noticed a polar bear
  8303 | D:7      | a blink frog changed into a polar bear
  8308 | D:7      | Killed a polar bear
  8309 | D:7      | Reached skill level 5 in Fighting
  8900 | D:7      | Noticed a gargoyle
  8902 | D:7      | Killed a gargoyle
  8908 | D:7      | Learned a level 4 spell: Petrify
  8968 | D:7      | Noticed a gargoyle
  8969 | D:7      | Killed a gargoyle
  8970 | D:7      | Reached skill level 1 in Transmutations
  8970 | D:7      | Reached XP level 10. HP: 60/60 MP: 14/18
  8970 | D:7      | Noticed a gargoyle
  8970 | D:7      | Killed a gargoyle
  8970 | D:7      | Noticed a gargoyle
  8970 | D:7      | Noticed a gargoyle
  8971 | D:7      | Killed a gargoyle
  8975 | D:7      | Killed a gargoyle
  8976 | D:7      | Reached skill level 5 in Conjurations
  9169 | D:8      | Offered knowledge of Ignite Poison by Vehumet.
  9333 | D:8      | Learned a level 3 spell: Mephitic Cloud
  9422 | D:8      | Reached *** piety under Vehumet
  9666 | D:8      | Offered knowledge of Static Discharge by Vehumet.
 10531 | D:9      | Noticed a two-headed ogre
 10536 | D:9      | Killed a two-headed ogre
 10537 | D:9      | Reached skill level 13 in Earth Magic
 11169 | D:9      | Reached skill level 1 in Armour
 11169 | D:9      | Reached XP level 11. HP: 64/64 MP: 14/21
 11394 | D:10     | Entered Level 10 of the Dungeon
 11780 | D:10     | Reached **** piety under Vehumet
 11869 | D:10     | Offered knowledge of Iskenderun's Mystic Blast by Vehumet.
 12306 | D:10     | Found a staircase to the Lair.
 12365 | D:10     | Found a runed translucent door.
 12365 | D:10     | Found a shimmering altar of Xom.
 12365 | D:10     | Noticed DasRunzen's ghost (novice DgCj)
 12366 | D:10     | Noticed a +1 hand axe of chaos
 12656 | D:10     | Got an ominously black robe
 12666 | D:10     | Identified the +1 robe of Cydduhuj {Harm rElec} (You found
                  | it on level 10 of the Dungeon)
 13775 | D:6      | Killed stripedtigrrr's ghost
 13917 | Lair:1   | Entered Level 1 of the Lair of Beasts
 14149 | Lair:1   | Reached ***** piety under Vehumet
 14150 | Lair:1   | Offered knowledge of Airstrike by Vehumet.
 14327 | Lair:1   | Reached skill level 10 in Conjurations
 14327 | Lair:1   | Reached skill level 14 in Earth Magic
 14487 | Lair:1   | Reached skill level 5 in Armour
 14724 | Lair:1   | Reached XP level 12. HP: 70/70 MP: 19/22
 15154 | Lair:2   | Found a dark tunnel.
 15165 | Volcano  | Entered a volcano
 15538 | Volcano  | Noticed a stone giant
 15589 | Volcano  | Found a bloodstained altar of Trog.
 15735 | Volcano  | Learned a level 6 spell: Iron Shot
 16105 | Volcano  | HP: 3/71 [stone giant (11)]
 16124 | Volcano  | Killed a stone giant
 16383 | Lair:2   | Noticed an eight-headed hydra
 16388 | Lair:2   | Killed an eight-headed hydra
 16758 | Lair:2   | Reached skill level 1 in Shields
 16858 | Lair:2   | Noticed a six-headed hydra
 16864 | Lair:2   | Killed a six-headed hydra
 17114 | Lair:2   | Found a staircase to the Shoals.
 18291 | Lair:2   | Reached XP level 13. HP: 31/76 MP: 18/24
 18915 | Lair:3   | Found a hole to the Spider Nest.
 18933 | Lair:3   | Noticed Nergalle
 18938 | Lair:3   | Killed Nergalle
 19254 | Lair:3   | Reached skill level 15 in Earth Magic
 20340 | Lair:4   | Noticed Kirke
 20871 | Lair:4   | Found an iron altar of Okawaru.
 20934 | Lair:4   | Killed Kirke
 21848 | Lair:5   | Found a staircase to the Slime Pits.
 22728 | Lair:5   | Gained mutation: Your large and strong wings let you fly
                  | indefinitely. [Gargoyle growth]
 22728 | Lair:5   | Reached XP level 14. HP: 86/86 MP: 16/26
 23465 | Lair:6   | Entered Level 6 of the Lair of Beasts
 25616 | Lair:6   | Offered knowledge of Irradiate by Vehumet.
 25874 | Lair:6   | Noticed a dire elephant
 25887 | Lair:6   | Killed a dire elephant
 26018 | Lair:6   | Noticed a dire elephant
 26018 | Lair:6   | Noticed a dire elephant
 26053 | Lair:6   | Noticed a dire elephant
 26054 | Lair:6   | Noticed a dire elephant
 26054 | Lair:6   | Noticed a dire elephant
 26503 | Lair:5   | Killed a dire elephant
 26592 | Lair:6   | Killed a dire elephant
 26593 | Lair:6   | Reached skill level 16 in Earth Magic
 27201 | Lair:6   | Killed a dire elephant
 27359 | Lair:5   | Killed a dire elephant
 27360 | Lair:5   | Reached skill level 10 in Fighting
 27496 | Lair:6   | Killed a dire elephant
 27737 | D:10     | Paralysed by a +1 hand axe of chaos for 4 turns
 27931 | D:10     | Killed DasRunzen's ghost
 28087 | D:11     | Found a shimmering blue altar of Sif Muna.
 28538 | D:11     | Reached skill level 5 in Dodging
 28719 | D:11     | Found a hazy altar of Hepliaklqana.
 29096 | D:11     | Learned a level 4 spell: Leda's Liquefaction
 29194 | D:12     | Found a portal to a secret trove of treasure.
 29467 | D:12     | Reached XP level 15. HP: 92/92 MP: 23/28
 29775 | D:12     | Found a staircase to the Orcish Mines.
 29832 | D:12     | Reached skill level 1 in Hexes
 30299 | Orc:1    | Entered Level 1 of the Orcish Mines
 30628 | Orc:1    | Found a roughly hewn altar of Beogh.
 31178 | Orc:2    | Entered Level 2 of the Orcish Mines
 31178 | Orc:2    | Found a staircase to the Elven Halls.
 31477 | Orc:2    | Offered knowledge of Orb of Destruction by Vehumet.
 31487 | Orc:2    | Reached skill level 15 in Conjurations
 32441 | Orc:2    | Found Wew Jajiry's General Store.
 32445 | Orc:2    | Found Zamugen's General Store.
 32587 | Orc:2    | Reached skill level 10 in Spellcasting
 32666 | Orc:2    | Slain by an orc knight

Illustrated notes

Levels and vault maps discovered:
D:1:      saegor_arrival_simple_a, layout_loops_ring, nrook_uturn
D:2:      layout_loops_ring, chequers_ecumenical_altar_grove,
          kennysheep_jessica_study, uniq_crazy_yiuf_cottage
D:3:      layout_rooms, old_standard_altar, gammafunk_temple_overflow_statue,
          chequers_serial_rivers_room_b
D:4:      kennysheep_big_flooded_room, layout_basic, minmay_strange_pillars,
          nemelex_spade_bored_becter, uniq_robin
D:5:      layout_loops_corners, minmay_overflow_temple_star_quad
D:6:      layout_gridville, minmay_temple_entry_overgrown,
          gammafunk_ghost_nasty_kobolds, uniq_menkaure
D:7:      cheibrodos_statue_roulette, layout_gridville
D:8:      layout_cave_pools, kennysheep_dice
D:9:      layout_cave_pools
D:10:     layout_layer_cave, erik_lair_orcish_takeover, ebering_ghost_xom
D:11:     layout_loops_cross, hangedman_feature_mirror
D:12:     layout_irregular_city, david_orc_1_choice,
          nicolae_trove_entry_columns, minmay_fractal_squares_5
Lair:1:   layout_regular_city, st_stairs_10
Lair:2:   layout_small_grid, minmay_shoals_entry_beasts,
          nicolae_volcano_entry_lava_flow, grunt_megastairs_1,
          lemuel_fruit_tree, minmay_lair_oklob_chamber, serial_bayou_shore_a,
          infiniplex_staircase_pool_2
Lair:3:   layout_regular_city, dummy_spider_entry, minivault_11, uniq_nergalle
Lair:4:   layout_roguey, basic_altar, uniq_kirke
Lair:5:   layout_roguey, slime_dummy, nzn_random_ring
Lair:6:   due_jungle_book, layout_loops_ring
Orc:1:    layout_diamond_mine, nicolae_orc_sculptors_studio,
          david_defended_altar_orc
Orc:2:    pf_orc_diabolical, layout_diamond_mine, nicolae_orc_damp_corner,
          nicolae_orc_rockfall, amcnicky_altar_gilded

Skill      XL: |  1  2  3  4  5  6  7  8  9 10 11 12 13 14 15 |
---------------+----------------------------------------------+-----
Earth Magic    | 4 5 7 9 10 11 12 13 14 15 16 | 16.9
Spellcasting   | 3 4 5 6 7 8 9 10 | 10.0
Fighting       | 1 3 5 6 7 9 10 | 10.1
Dodging        | 2 3 5 |  5.6
Conjurations   | 4 7 10 12 13 14 15 | 15.1
Transmutations | 1 3 |  3.0
Armour         | 1 5 6 |  6.0
Shields        | 3 4 |  4.0
Hexes          | 2 |  2.0
Stealth        | |  2.1

Action                   |  1- 3 |  4- 6 |  7- 9 | 10-12 | 13-15 || total
-------------------------+-------+-------+-------+-------+-------++-------
Melee: Whip              |   101 |    46 |       |       |       ||   147
       Unarmed           |     9 |       |       |       |       ||     9
       Quarterstaff      |       |   114 |   225 |   160 |       ||   499
       Short sword       |       |       |       |    79 |   411 ||   490
       Dagger            |       |       |       |    50 |       ||    50
 Cast: Sandblast         |     5 |    38 |    36 |    80 |    67 ||   226
       Lee's Rapid Decon |       |       |    11 |    47 |   121 ||   179
       Stone Arrow       |       |       |     2 |   130 |   191 ||   323
       Petrify           |       |       |       |     4 |     5 ||     9
       Iron Shot         |       |       |       |    10 |    61 ||    71
       Mephitic Cloud    |       |       |       |       |     4 ||     4
       Leda's Liquefacti |       |       |       |       |     1 ||     1
 Abil: Fly               |       |       |       |       |     1 ||     1
  Use: Scroll            |     1 |     3 |     3 |    14 |     6 ||    27
       Potion            |       |       |       |     2 |       ||     2
 Stab: Sleeping          |     3 |       |     8 |     1 |       ||    12
       Paralysed         |       |       |     3 |     3 |       ||     6
       Distracted        |       |       |     1 |       |     1 ||     2
       Petrified         |       |       |       |       |     1 ||     1
Armor: Robe              |    50 |    73 |   140 |   148 |   102 ||   513
       Troll leather arm |       |       |       |    72 |       ||    72
       Leather armour    |       |       |       |    13 |     2 ||    15
       Ring mail         |       |       |       |       |   218 ||   218
Dodge: Dodged            |    89 |   125 |   190 |   324 |   346 ||  1074
Block: Buckler           |       |       |       |       |   131 ||   131
